 Dungeon Crawl Stone Soup version 0.21.1-1-g345015f (webtiles) character file.

98 Kairos the Skirmisher (level 4, -1/24 HPs)
             Began as a Vine Stalker Fighter on Apr 28, 2018.
             Was a Follower of Okawaru.
             Slain by Crazy Yiuf
             ... wielding a +4 quarterstaff of chaos
              (2 damage)
             ... on level 3 of the Dungeon.
             The game lasted 00:01:58 (1335 turns).

Kairos the Skirmisher (Vine Stalker Fighter)        Turns: 1335, Time: 00:01:59

Health: -1/24      AC:  6    Str: 18    XL:     4   Next: 69%
Magic:  0/5        EV:  7    Int:  8    God:    Okawaru [*.....]
Gold:   113        SH:  9    Dex: 15    Spells: 3/3 levels left

rFire    . . .     SeeInvis .   a - +0 war axe
rCold    . . .     Gourm    .   c - +0 shield
rNeg     . . .     Faith    .   b - +0 scale mail
rPois    .         Spirit   +   (no helmet)
rElec    .         Reflect  .   (no cloak)
rCorr    .         Harm     .   (no gloves)
MR       .....                  (no boots)
Stlth    ..........             (no amulet)
HPRegen  0.48/turn              (no ring)
MPRegen  0.09/turn              (no ring)

@: lethally poisoned (-1 -> -2)
A: fangs 2, regeneration 1, magic shield, antimagic bite, no potion heal 3, rot
immunity
a: Heroism, Renounce Religion


You were on level 3 of the Dungeon.
You worshipped Okawaru.
Okawaru was aware of your devotion.
You were not hungry.

You visited 1 branch of the dungeon, and saw 3 of its levels.

You collected 113 gold pieces.

Inventory:

Hand Weapons
 a - a +0 war axe (weapon)
Missiles
 r - 6 tomahawks (quivered)
Armour
 b - a +0 scale mail (worn)
 c - a +0 shield (worn)
Scrolls
 e - 2 scrolls of noise {unknown}
 g - a scroll of fear {unknown}
 h - a scroll of teleportation {unknown}
 k - 2 scrolls of remove curse {unknown}
 m - a scroll of blinking {unknown}
 n - a scroll of magic mapping {unknown}
 p - a scroll of identify {unknown}
Potions
 d - a potion of might
 i - a potion of magic {unknown}
 j - a potion of brilliance {unknown}
 l - 2 potions of mutation {unknown}
 o - a potion of ambrosia {unknown}
 q - a potion of curing {unknown}
Comestibles
 f - 4 rations


   Skills:
 + Level 3.2 Fighting
 + Level 3.0 Axes
 + Level 2.7 Armour
 + Level 0.7 Dodging
 + Level 3.1 Shields


You had 3 spell levels left.
You didn't know any spells.

Dungeon Overview and Level Annotations

Branches:
Dungeon (3/15)

Altars:
Okawaru
Trog
Xom

Annotations:
D:3 Crazy Yiuf


Innate Abilities, Weirdness & Mutations

You have extremely sharp teeth.
Your natural rate of healing is unusually fast.
When hurt, damage is shared between your health and your magic reserves.
Your bite disrupts and absorbs the magic of your enemies.
Potions cannot restore your health.
You are immune to rotting.


Message History

You hit Crazy Yiuf. You bite Crazy Yiuf, but do no damage.
Crazy Yiuf is moderately wounded.
Crazy Yiuf hits you but does no damage.
Crazy Yiuf hits you with a quarterstaff of chaos.
Crazy Yiuf burns you.
You hit Crazy Yiuf. Your bite misses Crazy Yiuf.
Crazy Yiuf is severely wounded.
Crazy Yiuf yells, "Ice aubergine ena!"
Crazy Yiuf hits you with a quarterstaff of chaos!
* * * LOW HITPOINT WARNING * * *
You are poisoned.
You hit Crazy Yiuf. You bite Crazy Yiuf. You drain his power.
You feel invigorated.
Crazy Yiuf is almost dead.
* * * LOW HITPOINT WARNING * * *
You feel sick.
Crazy Yiuf hits you with a quarterstaff of chaos!
* * * LOW HITPOINT WARNING * * *
Crazy Yiuf burns you.
You die...

...).#########...............#
#....# #...............#
#....# #...(...........#
#....# ##########......#
#....# #.....## #....##
#....## ####..###♣♣ ####
###### ##..)).♣♣ ♣♣#..)#
#..).).♣♣♣♣.@g..#
##..)...♣..♣#...# ##)...♣.♣♣♣
#### ###♣♣♣♣♣


You could see Crazy Yiuf.

Vanquished Creatures
  2 adders (D:3)
  3 worms
  3 dart slugs
  A leopard gecko (D:1)
  7 bats
  4 giant cockroaches
  6 goblins
  3 hobgoblins (D:1)
  11 jackals
  4 kobolds
  2 quokkas (D:2)
  A ball python (D:1)
  5 frilled lizards
  8 rats
60 creatures vanquished.

Notes
Turn   | Place    | Note
-------+----------+-------------------------------------------
     0 | D:1      | Kairos the Vine Stalker Fighter began the quest for the Orb.
     0 | D:1      | Reached XP level 1. HP: 11/11 MP: 2/2
    93 | D:1      | Reached XP level 2. HP: 13/16 MP: 3/3
   305 | D:1      | Reached XP level 3. HP: 17/20 MP: 2/4
   720 | D:2      | Found a faded altar of an unknown god.
   755 | D:2      | Became a worshipper of Warmaster Okawaru
   755 | D:2      | Reached * piety under Okawaru
  1019 | D:2      | Gained mutation: Your natural rate of healing is unusually fast. [Vine Stalker growth]
  1019 | D:2      | Reached XP level 4. HP: 23/24 MP: 5/5
  1195 | D:3      | Found a shimmering altar of Xom.
  1206 | D:3      | Found a bloodstained altar of Trog.
  1325 | D:3      | Found a runed door.
  1329 | D:3      | Noticed Crazy Yiuf
  1335 | D:3      | HP: 1/24 [Crazy Yiuf/quarterstaff of chaos (2)]
  1335 | D:3      | Slain by Crazy Yiuf

Skill      XL: |  1  2  3  4 |
---------------+-------------+-----
Axes           | 2 3 |  3.0
Fighting       | 3 |  3.2
Shields        | 3 |  3.1
Armour         | |  2.7
Dodging        | |  0.7

Action                   |  1- 3 |  4- 6 || total
-------------------------+-------+-------++-------
Melee: War axe           |   115 |    58 ||   173
       Bite              |    34 |    21 ||    55
  Eat: Chunk             |       |     2 ||     2
Armor: Scale mail        |    64 |    26 ||    90
Dodge: Dodged            |    27 |    16 ||    43
Block: Shield            |    61 |    32 ||    93
